[Event "Titled Tuesday Blitz February 14 Early 2023"]
[White "Can, Melih Kaan"]
[Black "Osuna Vega, Enrique"]
[WhiteFideId "6317383"]
[BlackFideId "2219549"]
[WhiteElo "2069"]
[BlackElo "2061"]
[Result "1-0"]
[Round "06"]
[TimeControl "180+2"]
[Date "2023.02.15"]
[WhiteClock "0:00:18"]
[BlackClock "0:00:11"]

1. d4 c6 2. c4 b5 3. cxb5 cxb5 4. e4 Bb7 5. Bd3 a6 6. Nf3 e6 7. O-O Nf6 8. Re1 Be7 9. Nbd2 d6 10. Qe2 Nbd7 11. e5 dxe5 12. dxe5 Nd5 13. Ne4 Nc5 14. Nxc5 Bxc5 15. Bg5 Qb6 16. Rad1 h6 17. Bd2 Rd8 18. a3 Ne7 19. Bc3 O-O 20. Bb1 Nd5 21. Qe4 Bxf2+ 22. Kh1 g6 23. Qg4 Kh7 24. Bd2 Bxe1 25. Rxe1 Ne7 26. Bxh6 Bxf3 27. Qh4 Bh5 28. Bxf8 Rxf8 29. Qxe7 Qf2 30. Rg1 Bf3 31. Bxg6+ Kxg6 32. gxf3+ Kh7 33. Qf6 Rg8 34. Qxf7+ Kh6 35. Qxg8 Qxf3+ 36. Qg2 Qxg2+ 37. Rxg2 a5 38. Rc2 Kg6 39. Rc5 b4 40. Rxa5 bxa3 41. bxa3 Kf5 42. Rb5 1-0


[Site "https://www.chess.com"]

[Event "Titled Tuesday Blitz February 14 Early 2023"]
[White "Ghosh, Chanchal Kumer"]
[Black "Ipek, Egehan"]
[WhiteFideId "10201858"]
[BlackFideId "44523793"]
[WhiteElo "2020"]
[BlackElo "2308"]
[Result "0-1"]
[Round "06"]
[TimeControl "180+2"]
[Date "2023.02.15"]
[WhiteClock "0:00:03"]
[BlackClock "0:00:19"]

1. e4 c5 2. Nf3 e6 3. d4 cxd4 4. Nxd4 Nc6 5. Nc3 Qc7 6. Be2 Nf6 7. Be3 a6 8. O-O Bb4 9. Na4 Be7 10. Nxc6 bxc6 11. Nb6 Rb8 12. Nxc8 Qxc8 13. e5 Nd5 14. Bc1 Bc5 15. c4 Ne7 16. Kh1 Qc7 17. f4 O-O 18. Bd3 d6 19. Rf3 dxe5 20. Bxh7+ Kxh7 21. Rh3+ Kg8 22. Qh5 f5 23. fxe5 Qxe5 24. Bg5 Rxb2 25. Rf1 Qe2 26. Qh7+ Kf7 27. Qh5+ Qxh5 28. Rxh5 Kg6 29. Bxe7 Bxe7 30. Rh3 Rd8 31. Rg3+ Kf7 32. h3 Rdd2 33. a4 Bh4 34. Rg4 Bf2 35. Rf4 Bg3 36. R4f3 Rxg2 37. Rd1 Rh2+ 38. Kg1 Rbg2+ 39. Kf1 Rf2+ 40. Rxf2 Rxf2+ 41. Kg1 e5 42. Rd6 e4 43. Rxc6 e3 0-1


[Site "https://www.chess.com"]

[Event "Titled Tuesday Blitz February 14 Early 2023"]
[White "Thorsteinsdottir, Hallgerdur"]
[Black "Makhmudov, Shukhrat"]
[WhiteFideId "2302454"]
[BlackFideId "14200775"]
[WhiteElo "1978"]
[BlackElo "2115"]
[Result "1/2-1/2"]
[Round "06"]
[TimeControl "180+2"]
[Date "2023.02.15"]
[WhiteClock "0:00:12"]
[BlackClock "0:00:10"]

1. d4 Nf6 2. c4 e6 3. a3 c5 4. Nf3 cxd4 5. Nxd4 a6 6. Nc3 d6 7. Bg5 Be7 8. e3 Qc7 9. Bd3 Nbd7 10. O-O Ne5 11. b3 Nxd3 12. Qxd3 b6 13. Rfd1 Bb7 14. Rac1 Rd8 15. Bh4 O-O 16. Nce2 Qb8 17. Kh1 Qa8 18. f3 d5 19. b4 Ne4 20. Be1 dxc4 21. Qxc4 Bd5 22. Qc7 Bd6 23. Qxb6 Nf6 24. e4 Bb7 25. Nc6 Nd7 26. Qd4 Bxc6 27. Qxd6 Ba4 28. Rd4 e5 29. Rd5 Bb3 30. Rdc5 Nxc5 31. Qxc5 Rc8 32. Qxe5 Rxc1 33. Nxc1 Be6 34. Nd3 Rd8 35. Nc5 Qb8 36. Qxb8 Rxb8 37. Bg3 Ra8 38. h4 a5 39. Kg1 axb4 40. axb4 Ra1+ 41. Kf2 Rb1 42. Nd3 Bc4 43. Ne5 Bb5 44. Bf4 Rxb4 45. Kg3 f6 46. Ng4 h5 47. Ne3 Bc4 48. Nf5 Rb7 49. Bd6 Kf7 50. Bf4 Rd7 51. Nd6+ Rxd6 52. Bxd6 g5 53. hxg5 fxg5 54. Bc7 Be6 55. f4 Kg6 56. Bd8 gxf4+ 57. Kxf4 Bc4 58. e5 Be6 59. Bf6 Bf5 60. g3 Be6 61. Ke3 Kf5 62. Kd4 Ba2 63. Kc5 Bb3 64. Kd6 Ba2 65. Bh4 Bb3 66. Bf6 Ba2 67. Bh4 Bb3 68. Bf6 1/2-1/2


[Site "https://www.chess.com"]

[Event "Titled Tuesday Blitz February 14 Early 2023"]
[White "Yonal, Timur"]
[Black "Rosh Jain"]
[WhiteFideId "44115725"]
[BlackFideId "25789465"]
[WhiteElo "2039"]
[BlackElo "2248"]
[Result "1/2-1/2"]
[Round "06"]
[TimeControl "180+2"]
[Date "2023.02.15"]
[WhiteClock "0:00:36"]
[BlackClock "0:00:25"]

1. e4 c5 2. Nf3 d6 3. Bb5+ Bd7 4. Bxd7+ Nxd7 5. O-O Ngf6 6. Re1 g6 7. c3 Bg7 8. d4 cxd4 9. cxd4 e5 10. Nc3 exd4 11. Qxd4 O-O 12. Qxd6 Re8 13. Bg5 Re6 14. Qd3 Qe8 15. Rad1 Nc5 16. Qc4 Nfxe4 17. Nxe4 Nxe4 18. Bf4 Rc8 19. Qb3 h6 20. Qxb7 g5 21. Bg3 Rc2 22. Qb8 Rc8 23. Qb7 g4 24. Nh4 Kh7 25. Rf1 Rc2 26. Nf5 Nxg3 27. hxg3 Rxb2 28. Qxa7 Bf6 29. Nd6 Qe7 30. Qxe7 Bxe7 31. Nxf7 Rxa2 32. Nd8 Bxd8 33. Rxd8 Rf6 34. Rd4 h5 35. Rf4 Rxf4 36. gxf4 Ra4 37. g3 h4 38. Kg2 hxg3 39. fxg3 Ra2+ 40. Rf2 Ra3 41. Rd2 Kh6 42. Kf2 Rf3+ 43. Kg2 Ra3 44. Rd6+ Kh7 45. Rd7+ Kh6 46. Rd6+ Kh7 47. Rd2 Kh6 1/2-1/2


[Site "https://www.chess.com"]

[Event "Titled Tuesday Blitz February 14 Early 2023"]
[White "Hertlein, Irena"]
[Black "EdmundPlayer"]
[WhiteFideId "21817618"]
[WhiteElo "1994"]
[BlackElo "2246"]
[Result "0-1"]
[Round "06"]
[TimeControl "180+2"]
[Date "2023.02.15"]
[WhiteClock "0:00:01"]
[BlackClock "0:00:11"]

1. Nf3 d5 2. e3 c5 3. c4 d4 4. b4 dxe3 5. fxe3 cxb4 6. d4 Nf6 7. Bd3 g6 8. O-O Bg7 9. a3 bxa3 10. Nc3 O-O 11. e4 Bg4 12. e5 Ne8 13. Be3 Nc6 14. Be2 Nc7 15. h3 Bf5 16. Rxa3 h5 17. Ng5 Ne6 18. Nxe6 fxe6 19. Rb3 Na5 20. Rb5 a6 21. Rb2 Rc8 22. c5 h4 23. Bg5 b6 24. Bxa6 Rb8 25. Qa1 Nc6 26. Rd2 Nxd4 27. Nb5 Bxe5 28. Nxd4 bxc5 29. Qa2 Bxd4+ 30. Kh1 Qd5 31. Bc4 Qd6 32. Rxf5 gxf5 33. Bxe6+ Kg7 34. Bxh4 Qf4 35. Rxd4 cxd4 36. Bf2 Rf6 37. Qa7 Rb1+ 38. Bg1 Rxe6 0-1


[Site "https://www.chess.com"]

[Event "Titled Tuesday Blitz February 14 Early 2023"]
[White "Levine, David"]
[Black "lisjakzlatko1"]
[WhiteFideId "2011611"]
[WhiteElo "2040"]
[BlackElo "2220"]
[Result "0-1"]
[Round "06"]
[TimeControl "180+2"]
[Date "2023.02.15"]
[WhiteClock "0:00:36"]
[BlackClock "0:00:53"]

1. d4 d5 2. c4 Nc6 3. Nc3 dxc4 4. d5 Na5 5. e4 e6 6. Bxc4 exd5 7. Bxd5 c6 8. Bb3 Nxb3 9. Qxb3 Nf6 10. Bg5 h6 11. Bh4 Be7 12. Nf3 O-O 13. O-O Re8 14. Rfd1 Qb6 15. Nd4 g5 16. Bg3 Nh5 17. Qxb6 axb6 18. Bc7 b5 19. a3 Bf6 20. f3 b4 21. Nce2 c5 22. e5 Bxe5 23. Bxe5 Rxe5 24. Nb5 bxa3 25. Nxa3 Rxe2 0-1


[Site "https://www.chess.com"]

[Event "Titled Tuesday Blitz February 14 Early 2023"]
[White "Hernandez Bonilla, Amelia"]
[Black "Thomas, Anysia"]
[WhiteFideId "3900193"]
[BlackFideId "670472"]
[WhiteElo "1960"]
[BlackElo "2147"]
[Result "0-1"]
[Round "06"]
[TimeControl "180+2"]
[Date "2023.02.15"]
[WhiteClock "0:00:24"]
[BlackClock "0:00:14"]

1. d4 Nf6 2. Bf4 g6 3. Nc3 d5 4. e3 Bg7 5. Nf3 O-O 6. Be2 c5 7. O-O Nc6 8. dxc5 Qa5 9. Nd4 Qxc5 10. Nb3 Qb6 11. Nxd5 Nxd5 12. Qxd5 Be6 13. Qc5 Bxb2 14. Rab1 Bxb3 15. Qxb6 axb6 16. axb3 Bg7 17. Bf3 Ra2 18. c4 Rd8 19. Rfd1 Rdd2 20. Rxd2 Rxd2 21. Rd1 Rb2 22. h4 h5 23. Rd7 Rxb3 24. Rxb7 Ne5 25. Bxe5 Bxe5 26. g3 Bd6 27. Bd5 Rb4 28. Rd7 Bc5 29. Kg2 e6 30. Bc6 Rxc4 31. Rd8+ Kg7 32. Be8 Be7 33. Rd7 Kf8 34. Rb7 Kxe8 35. Rxb6 Kf8 36. Rb8+ Kg7 37. Rb7 Bd6 38. Rd7 Bc5 39. Kf3 Rc1 40. Ke2 Kf6 41. Rc7 Bxe3 0-1


[Site "https://www.chess.com"]

[Event "Titled Tuesday Blitz February 14 Early 2023"]
[White "Balog, Imre"]
[Black "ritanovikova"]
[WhiteFideId "728446"]
[WhiteElo "2615"]
[BlackElo "2179"]
[Result "1/2-1/2"]
[Round "06"]
[TimeControl "180+2"]
[Date "2023.02.15"]
[WhiteClock "0:00:08"]
[BlackClock "0:00:45"]

1. e4 d5 2. exd5 Qxd5 3. Nc3 Qd6 4. Nf3 Nf6 5. d4 Bg4 6. Be2 a6 7. O-O e6 8. h3 Bxf3 9. Bxf3 Nc6 10. d5 Nxd5 11. Nxd5 exd5 12. Re1+ Be7 13. Qxd5 O-O 14. Qxd6 Bxd6 15. Bxc6 bxc6 16. Be3 Rab8 17. b3 c5 18. c4 a5 19. Rab1 a4 20. bxa4 Ra8 21. Rb5 Rxa4 22. Bxc5 Rxa2 23. Bxd6 cxd6 24. Rd5 Rc2 25. Re4 f5 26. Red4 g6 27. Rxd6 Kg7 28. Rd7+ Rf7 29. Rxf7+ Kxf7 30. h4 Ke6 31. h5 Ke5 32. Rd7 Rxc4 33. Rxh7 gxh5 34. Rxh5 Kf6 35. Rh3 Rc2 36. Kh2 Rxf2 37. Kg3 Ra2 38. Rh6+ Kg5 39. Rb6 Ra3+ 40. Kf2 Kg4 41. Rb4+ f4 42. Rb8 Ra2+ 43. Kg1 Kf5 44. Rf8+ Ke4 45. Re8+ Kd5 46. Rf8 Ra4 47. Rd8+ Ke6 48. Rf8 Ke7 49. Rf5 Ke6 50. Rh5 Ra2 51. Rh6+ Kf5 52. Rh8 Rb2 53. Rf8+ Kg4 54. Rg8+ Kf5 55. Rf8+ Ke5 56. Re8+ Kd6 57. Rf8 Rb4 58. Rf6+ Ke7 59. Rh6 Kf7 60. Rh7+ Kg6 61. Rd7 Rb5 62. Kf2 Re5 63. Kf3 Rf5 64. Kg4 Rg5+ 65. Kxf4 Rxg2 66. Rd6+ Kf7 67. Rd7+ Ke6 68. Ra7 Rg8 69. Ra6+ Kd5 70. Ra5+ Kd4 71. Ra4+ Kd3 72. Ra7 Rf8+ 73. Ke5 Re8+ 74. Kd5 Re3 75. Ra3+ Ke2 76. Rxe3+ Kxe3 1/2-1/2


[Site "https://www.chess.com"]

[Event "Titled Tuesday Blitz February 14 Early 2023"]
[White "Nakamura, Hikaru"]
[Black "Bok, Benjamin"]
[WhiteFideId "2016192"]
[BlackFideId "1017063"]
[WhiteElo "2775"]
[BlackElo "2607"]
[Result "1-0"]
[Round "07"]
[TimeControl "180+2"]
[Date "2023.02.15"]
[WhiteClock "0:00:39"]
[BlackClock "0:00:28"]

1. e4 e5 2. Nf3 Nc6 3. Bb5 Nf6 4. d3 Bc5 5. Bxc6 dxc6 6. Nbd2 Be6 7. Nb3 Bb6 8. Qe2 Qd6 9. Be3 O-O 10. O-O Nd7 11. Ng5 Bxb3 12. axb3 f6 13. Nf3 Bxe3 14. fxe3 a5 15. h4 Qe6 16. Nd2 b6 17. Rf3 Nc5 18. Raf1 a4 19. b4 Nb7 20. h5 a3 21. bxa3 Rxa3 22. h6 g6 23. Qf2 Ra2 24. Rxf6 Rxf6 25. Qxf6 Qxf6 26. Rxf6 Rxc2 27. Nc4 c5 28. Nxe5 cxb4 29. Nd7 1-0


[Site "https://www.chess.com"]

[Event "Titled Tuesday Blitz February 14 Early 2023"]
[White "Tsydypov, Zhamsaran"]
[Black "Vokhidov, Shamsiddin"]
[WhiteFideId "4108566"]
[BlackFideId "14204223"]
[WhiteElo "2518"]
[BlackElo "2586"]
[Result "0-1"]
[Round "07"]
[TimeControl "180+2"]
[Date "2023.02.15"]
[WhiteClock "0:00:47"]
[BlackClock "0:00:36"]

1. Nf3 d5 2. g3 g6 3. Bg2 Bg7 4. d4 Nf6 5. O-O O-O 6. c3 a5 7. Nbd2 a4 8. Re1 Bf5 9. Nh4 Bg4 10. h3 Be6 11. e4 dxe4 12. Nxe4 Nxe4 13. Bxe4 Bxh3 14. Bxb7 Ra5 15. Bd2 c6 16. Qf3 Qd7 17. Qh1 Be6 18. c4 Ra7 19. d5 Rxb7 20. dxe6 Qxd2 21. Rad1 Qxb2 22. Qh3 Qf6 23. Rd3 g5 24. Rf3 Qh6 25. exf7+ Kh8 26. Re6 Bf6 27. Rd3 gxh4 28. Qg4 Rb1+ 29. Kg2 hxg3 30. Kf3 Qh1+ 31. Kf4 gxf2 0-1


[Site "https://www.chess.com"]

[Event "Titled Tuesday Blitz February 14 Early 2023"]
[White "Sanal, Vahap"]
[Black "Madaminov, Mukhiddin"]
[WhiteFideId "6300545"]
[BlackFideId "14210703"]
[WhiteElo "2600"]
[BlackElo "2422"]
[Result "1/2-1/2"]
[Round "07"]
[TimeControl "180+2"]
[Date "2023.02.15"]
[WhiteClock "0:00:03"]
[BlackClock "0:00:06"]

1. Nf3 Nf6 2. g3 g6 3. Bg2 Bg7 4. d4 d5 5. O-O O-O 6. c3 c6 7. a4 Nbd7 8. a5 Ne4 9. Nbd2 Nd6 10. Re1 e5 11. dxe5 Nxe5 12. Nxe5 Bxe5 13. e4 dxe4 14. Nxe4 Nxe4 15. Qxd8 Rxd8 16. Bxe4 Bf6 17. Bf4 a6 18. Ra4 Be6 19. Rb4 Rd7 20. Bf3 Rad8 21. Kg2 Be7 22. Rbe4 Bf6 23. h4 h5 24. Be5 Bxe5 25. Rxe5 Bd5 26. Bxd5 Rxd5 27. Rxd5 Rxd5 28. Re7 Rb5 29. b4 c5 30. Re4 cxb4 31. cxb4 f6 32. f3 g5 33. Kh3 Kf7 34. Rc4 Kg6 35. Rd4 Re5 36. Rc4 Re3 37. Rc7 Rxf3 38. Rxb7 g4+ 39. Kg2 Rb3 40. Rb6 Kf5 41. Rxa6 Rb2+ 42. Kf1 Rxb4 43. Rb6 Ra4 44. a6 Ra2 45. Kg1 Ke5 46. Kf1 f5 47. Rb5+ Ke4 48. Rb4+ Ke3 49. Rb3+ Kd4 50. Rb4+ Ke5 51. Rb5+ Ke4 52. Rb4+ Kd3 53. Rf4 Rxa6 54. Rxf5 Ke3 55. Kg2 Ra2+ 56. Kg1 Ra1+ 57. Kg2 Ra2+ 58. Kg1 Rd2 59. Rf6 Ke4 60. Rf4+ Ke3 61. Rf8 Rd5 62. Rf7 Ke2 63. Kg2 Re5 64. Ra7 Rd5 65. Re7+ Kd3 66. Kf2 Rf5+ 67. Kg2 Ra5 68. Rd7+ Ke4 69. Re7+ Re5 70. Rd7 Rd5 71. Re7+ Re5 72. Rd7 Ke3 73. Rf7 Ke2 74. Rf6 Ke1 75. Rf1+ Kd2 76. Rf8 Re2+ 77. Kg1 Ke3 78. Rf5 Rd2 79. Rf8 Rd3 80. Kg2 Rd2+ 81. Kg1 1/2-1/2


[Site "https://www.chess.com"]

[Event "Titled Tuesday Blitz February 14 Early 2023"]
[White "Nihal Sarin"]
[Black "Yeletsky, Ivan"]
[WhiteFideId "25092340"]
[BlackFideId "24180327"]
[WhiteElo "2673"]
[BlackElo "2494"]
[Result "1-0"]
[Round "07"]
[TimeControl "180+2"]
[Date "2023.02.15"]
[WhiteClock "0:00:04"]
[BlackClock "0:00:01"]

1. Nf3 c5 2. b3 d6 3. d4 cxd4 4. Nxd4 Nf6 5. Bb2 e5 6. Nf3 e4 7. Nd4 e3 8. fxe3 d5 9. Nc3 Bb4 10. Qd3 O-O 11. O-O-O Nbd7 12. Nf5 Nc5 13. Qd4 Bxf5 14. Qxb4 Nce4 15. g4 Nxg4 16. Nxd5 Re8 17. Nf6+ Nexf6 18. Rxd8 Raxd8 19. Bh3 Rc8 20. c4 Rxe3 21. Bxg4 Nxg4 22. h3 Nf2 23. Rg1 Bg6 24. Qxb7 Rce8 25. Re1 h5 26. Bd4 Nd3+ 27. Kd2 Rxh3 28. Rg1 Nf4 29. Rxg6 Nxg6 30. Qd7 Re6 31. Qxa7 Rh2 32. Qb8+ Kh7 33. Qxh2 h4 34. c5 Re4 35. e3 Rg4 36. c6 f5 37. c7 h3 38. Qxh3+ 1-0


[Site "https://www.chess.com"]

[Event "Titled Tuesday Blitz February 14 Early 2023"]
[White "Predke, Alexandr"]
[Black "Andreikin, Dmitry"]
[WhiteFideId "24107581"]
[BlackFideId "4158814"]
[WhiteElo "2685"]
[BlackElo "2729"]
[Result "1/2-1/2"]
[Round "07"]
[TimeControl "180+2"]
[Date "2023.02.15"]
[WhiteClock "0:00:03"]
[BlackClock "0:00:09"]

1. e4 c5 2. Nf3 e6 3. c3 Nf6 4. Bd3 d5 5. e5 Nfd7 6. Bc2 d4 7. O-O Nc6 8. Re1 Be7 9. Qe2 g5 10. h3 h5 11. g4 hxg4 12. hxg4 Qc7 13. Na3 a6 14. cxd4 Nxd4 15. Nxd4 cxd4 16. Nc4 Nc5 17. b4 d3 18. Bxd3 Nxd3 19. Qxd3 b5 20. Nd6+ Bxd6 21. exd6 Bb7 22. f3 O-O-O 23. Bb2 Rxd6 24. Qe3 Rh3 25. Rac1 Rc6 26. Be5 Qd7 27. Qa7 Kd8 28. Bf6+ Ke8 29. Qb8+ Qc8 30. Qxc8+ Rxc8 31. Rxc8+ Bxc8 32. Kg2 Rh6 33. Bxg5 Rg6 34. Be3 Bb7 35. Kg3 Bd5 36. a3 Rg8 37. Rc1 Kd7 38. Bf4 Rc8 39. Rxc8 Kxc8 40. Be3 Kd7 41. Kf4 Bc6 42. Bc5 Bd5 43. Ke3 Bc6 44. f4 Bd5 45. f5 exf5 46. gxf5 Kc6 47. Kf4 Bb3 48. Ke5 Ba2 49. d4 Bb3 50. Kf6 Kd7 51. Ke5 Kc6 52. Kf6 Kd7 53. Ke5 Kc6 1/2-1/2


[Site "https://www.chess.com"]

[Event "Titled Tuesday Blitz February 14 Early 2023"]
[White "Paravyan, David"]
[Black "Livaic, Leon"]
[WhiteFideId "4194985"]
[BlackFideId "14531534"]
[WhiteElo "2601"]
[BlackElo "2579"]
[Result "0-1"]
[Round "07"]
[TimeControl "180+2"]
[Date "2023.02.15"]
[WhiteClock "0:00:02"]
[BlackClock "0:00:18"]

1. e4 e6 2. d4 d5 3. Nd2 c5 4. Ngf3 cxd4 5. exd5 Qxd5 6. Bc4 Qd7 7. O-O Nc6 8. Nb3 a6 9. Re1 Nf6 10. Bf4 b5 11. Bf1 Bb7 12. Nfxd4 Nxd4 13. Qxd4 Qxd4 14. Nxd4 Bc5 15. Nf5 O-O 16. Bd6 Bxd6 17. Nxd6 Bd5 18. c4 bxc4 19. Nxc4 a5 20. Ne3 Rfb8 21. b3 a4 22. bxa4 Rxa4 23. a3 Rba8 24. Rec1 g6 25. Nxd5 Nxd5 26. Bc4 Rxa3 27. Rxa3 Rxa3 28. Bxd5 exd5 29. Kf1 Kg7 30. Rc6 Kf8 31. Rc7 Ra6 32. Rd7 Ra5 33. Ke2 Ke8 34. Rb7 Ra2+ 35. Kf3 d4 36. Rb1 Rd2 37. Rb7 Kf8 38. g3 Kg7 39. Rb6 g5 40. h3 f6 41. Rd6 h5 42. h4 g4+ 43. Kg2 Rd1 44. Rd5 Kg6 45. f4 Rd2+ 46. Kf1 f5 47. Rd6+ Kf7 48. Rh6 Rd3 49. Rxh5 Ke6 50. Kg2 Rd2+ 51. Kf1 Kd5 52. Rxf5+ Ke4 53. Re5+ Kf3 54. f5 Kxg3 55. h5 d3 56. h6 Rh2 57. Ke1 Rxh6 58. Kd2 Kf4 59. Ra5 g3 60. Ra4+ Kf3 61. f6 Rxf6 62. Kxd3 g2 0-1


[Site "https://www.chess.com"]

[Event "Titled Tuesday Blitz February 14 Early 2023"]
[White "Hakobyan, Aram"]
[Black "Kovalenko, Igor"]
[WhiteFideId "13306677"]
[BlackFideId "14117908"]
[WhiteElo "2608"]
[BlackElo "2674"]
[Result "1/2-1/2"]
[Round "07"]
[TimeControl "180+2"]
[Date "2023.02.15"]
[WhiteClock "0:00:11"]
[BlackClock "0:00:18"]

1. d4 Nf6 2. Nf3 d5 3. c4 e6 4. Nc3 c6 5. Qd3 Nbd7 6. g3 b6 7. cxd5 cxd5 8. Bg2 Bb7 9. O-O Be7 10. Bf4 a6 11. Rac1 O-O 12. a4 Rc8 13. Rfd1 h6 14. Ne5 Re8 15. h3 Bf8 16. g4 Nxe5 17. Bxe5 Nd7 18. Bf4 Qf6 19. Qg3 Bb4 20. h4 Qg6 21. h5 Qh7 22. Bd6 Bxc3 23. bxc3 Nf6 24. Rb1 Rc6 25. c4 Rxc4 26. Rxb6 Bc6 27. Rxa6 Qc2 28. Qd3 Bxa4 29. Qxc2 Bxc2 30. Rd2 Nxg4 31. Bf3 Nf6 32. Be5 Be4 33. Bxf6 Bxf3 34. Bxg7 Kxg7 35. exf3 Kf6 36. Ra7 Rg8+ 37. Kf1 Rg5 38. Ke2 Rxh5 39. Ke3 Rf5 40. Rd3 h5 41. Ra8 Kg7 42. Ra1 Rg5 43. Rh1 Ra4 44. f4 Rf5 45. Rh4 Ra1 46. Ke2 Rg1 47. Rg3+ Rxg3 48. fxg3 Kf8 49. Kf3 Ke7 50. Rh1 Kd6 51. Ra1 Kc6 52. Rc1+ Kb6 53. Rb1+ Kc6 54. Rc1+ Kb5 55. Rc7 Rf6 56. Rc5+ Kb4 57. Rc7 Kb3 58. Rc6 Rh6 59. Rc7 f5 60. Rc6 Kb4 61. Ke3 Kb5 62. Rc5+ Kb6 63. Rc8 h4 64. gxh4 Rxh4 65. Re8 Rh6 66. Kd3 Kc7 67. Re7+ Kd6 68. Ra7 Rh3+ 69. Ke2 Rc3 70. Ra6+ Rc6 71. Ra5 Ke7 72. Ra7+ Kf6 73. Ra8 Rb6 74. Rf8+ Kg6 75. Ra8 Kh5 76. Rg8 Kh4 77. Rg6 Kh5 78. Rg5+ Kh6 79. Rg8 Rb4 80. Ke3 Rb1 81. Ke2 Rb2+ 82. Ke3 Rb3+ 83. Ke2 Kh5 84. Rg5+ Kh4 85. Rg8 Rg3 86. Re8 Rg6 87. Kf3 Rg3+ 88. Ke2 Kg4 89. Rxe6 Kxf4 90. Re5 Rg2+ 91. Kd3 Rg3+ 92. Ke2 Rg5 93. Rxd5 Kg3 94. Re5 Kf4 95. Re8 Rg2+ 96. Kd3 Rg1 97. Kd2 Rg2+ 98. Kd3 Rg1 99. Kc2 Kf3 100. d5 f4 101. d6 Rg7 102. Re7 Rg6 103. d7 Rd6 104. Kc3 Kg2 105. Rg7+ Kf2 106. Kc4 f3 107. Kc5 Rd1 108. Kc6 Ke2 109. Re7+ Kf1 110. Re6 Rxd7 111. Kxd7 f2 112. Kd6 Kg1 113. Rg6+ Kh2 114. Rh6+ Kg2 115. Rg6+ Kh2 116. Rf6 Kg2 117. Kd5 f1=Q 118. Rxf1 Kxf1 1/2-1/2


[Site "https://www.chess.com"]

[Event "Titled Tuesday Blitz February 14 Early 2023"]
[White "Lazavik, Denis"]
[Black "Gharibyan, Mamikon"]
[WhiteFideId "13515110"]
[BlackFideId "13308300"]
[WhiteElo "2544"]
[BlackElo "2500"]
[Result "1/2-1/2"]
[Round "07"]
[TimeControl "180+2"]
[Date "2023.02.15"]
[WhiteClock "0:00:07"]
[BlackClock "0:00:14"]

1. d4 Nf6 2. c4 e6 3. Nf3 d5 4. g3 Bb4+ 5. Bd2 Be7 6. Bg2 O-O 7. O-O Nbd7 8. Qc2 c6 9. Bf4 b6 10. cxd5 cxd5 11. Rc1 Bb7 12. Bc7 Qe8 13. Qb3 Rc8 14. Na3 Ba6 15. Nb5 Nc5 16. dxc5 Bxb5 17. cxb6 axb6 18. Nd4 Bc4 19. Qxb6 Qd7 20. Rxc4 dxc4 21. Nb5 Nd5 22. Bxd5 Qxd5 23. a4 Bc5 24. Qa5 Ra8 25. Qe1 Rfc8 26. Bf4 h5 27. Nc7 Rxc7 28. Bxc7 Qc6 29. Be5 Rxa4 30. Rxa4 Qxa4 31. Qc1 f6 32. Bc3 Qc6 33. h4 Qd5 34. Qc2 Kf7 35. e3 e5 36. Qf5 Qd1+ 37. Kg2 g6 38. Qc8 Qd5+ 39. Kg1 Be7 40. Qa6 Qd1+ 41. Kg2 Qd5+ 42. Kg1 Qd1+ 43. Kg2 Qd5+ 44. Kg1 1/2-1/2


[Site "https://www.chess.com"]

[Event "Titled Tuesday Blitz February 14 Early 2023"]
[White "Makhnev, Denis"]
[Black "Indjic, Aleksandar"]
[WhiteFideId "13707647"]
[BlackFideId "911925"]
[WhiteElo "2483"]
[BlackElo "2618"]
[Result "0-1"]
[Round "07"]
[TimeControl "180+2"]
[Date "2023.02.15"]
[WhiteClock "0:00:07"]
[BlackClock "0:00:16"]

1. d4 Nf6 2. c4 e6 3. Nf3 c5 4. d5 d6 5. Nc3 exd5 6. cxd5 g6 7. g3 Bg7 8. Bg2 O-O 9. O-O Re8 10. Bf4 Na6 11. Re1 Bg4 12. Qb3 Rb8 13. h3 Bxf3 14. Bxf3 b5 15. a4 bxa4 16. Qxa4 Nb4 17. Red1 a6 18. Rd2 h6 19. h4 Qc7 20. Rc1 Nd7 21. Nd1 Ne5 22. Bg2 Ng4 23. Bh3 Nf6 24. Bg2 Ne4 25. Bxe4 Rxe4 26. Ne3 Qe7 27. Nc4 Rxf4 28. gxf4 Qxh4 29. Qd7 Rd8 30. Qc7 Bf8 31. Ne3 Re8 32. Rc4 Rxe3 33. fxe3 Qe1+ 34. Kg2 Qxd2 35. Kf2 Nd3+ 36. Kf3 Nxb2 37. Re4 Qxd5 38. Qc8 f5 39. Qe6+ Qxe6 40. Rxe6 Kf7 41. Rxg6 Kxg6 42. e4 a5 0-1


[Site "https://www.chess.com"]

[Event "Titled Tuesday Blitz February 14 Early 2023"]
[White "Lenderman, Aleksandr"]
[Black "Bacrot, Etienne"]
[WhiteFideId "2021285"]
[BlackFideId "605506"]
[WhiteElo "2572"]
[BlackElo "2667"]
[Result "0-1"]
[Round "07"]
[TimeControl "180+2"]
[Date "2023.02.15"]
[WhiteClock "0:02:10"]
[BlackClock "0:01:27"]

1. Nf3 d5 2. e3 Nf6 3. c4 e6 4. b3 b6 5. Bb2 Bb7 6. Nc3 Nbd7 7. cxd5 exd5 8. g3 d4 9. exd4 Qe7+ 10. Be2 Bxf3 11. O-O Bxe2 12. Nxe2 Qd8 13. Nf4 Be7 14. Qf3 O-O 15. Rac1 Bd6 16. Nd3 Re8 17. Rfe1 Rxe1+ 18. Rxe1 Qf8 19. Ne5 Re8 20. Qf5 Nb8 21. Re3 Nd5 22. Rf3 f6 23. Nc4 Qf7 24. Ne3 c6 25. h4 Nd7 26. Kg2 Nf8 27. h5 Ne6 28. Nxd5 cxd5 29. Qxd5 Nf4+ 0-1


[Site "https://www.chess.com"]

[Event "Titled Tuesday Blitz February 14 Early 2023"]
[White "Ter-Sahakyan, Samvel"]
[Black "Van Foreest, Jorden"]
[WhiteFideId "13302531"]
[BlackFideId "1039784"]
[WhiteElo "2617"]
[BlackElo "2689"]
[Result "1-0"]
[Round "07"]
[TimeControl "180+2"]
[Date "2023.02.15"]
[WhiteClock "0:00:13"]
[BlackClock "0:00:02"]

1. d4 d5 2. c4 c6 3. Nf3 Nf6 4. Qc2 dxc4 5. Qxc4 Bf5 6. g3 e6 7. Bg2 Be7 8. O-O O-O 9. e3 a5 10. Nc3 a4 11. a3 Nbd7 12. Qe2 h6 13. e4 Bh7 14. Bf4 Re8 15. Rfe1 Qb6 16. Rad1 Bf8 17. h3 Qa6 18. Qd2 Nb6 19. Qc1 Nc4 20. Ne5 Na5 21. g4 Rad8 22. g5 Nb3 23. Qe3 hxg5 24. Bxg5 Qa7 25. Bxf6 gxf6 26. Ng4 Bg7 27. e5 fxe5 28. Qg5 Nxd4 29. Nf6+ Kh8 30. Qh4 Bxf6 31. Qxf6+ Kg8 32. Rxe5 Bg6 33. h4 Qb8 34. h5 Bf5 35. h6 1-0


[Site "https://www.chess.com"]

[Event "Titled Tuesday Blitz February 14 Early 2023"]
[White "Timofeev, Artyom"]
[Black "Makarian, Rudik"]
[WhiteFideId "4140419"]
[BlackFideId "44105681"]
[WhiteElo "2567"]
[BlackElo "2545"]
[Result "1/2-1/2"]
[Round "07"]
[TimeControl "180+2"]
[Date "2023.02.15"]
[WhiteClock "0:00:19"]
[BlackClock "0:00:29"]

1. e4 c5 2. Nf3 e6 3. d4 cxd4 4. Nxd4 Nc6 5. Nc3 Nf6 6. Ndb5 d6 7. Bf4 e5 8. Bg5 a6 9. Na3 b5 10. Nd5 Be7 11. Bxf6 Bxf6 12. c4 b4 13. Nc2 a5 14. Qf3 Bg5 15. h4 Bh6 16. g4 Bf4 17. Nxf4 exf4 18. Qxf4 O-O 19. O-O-O Ne5 20. g5 Be6 21. Ne3 a4 22. Kb1 Rc8 23. h5 Qa5 24. h6 Ng6 25. Qg3 Qe5 26. Qxe5 dxe5 27. hxg7 Kxg7 28. Bh3 Rfd8 29. Bxe6 fxe6 30. b3 a3 31. Nc2 Nf4 32. Nxb4 Ne2 33. Rxd8 Rxd8 34. Kc2 Nd4+ 35. Kc3 Ne2+ 36. Kc2 Nd4+ 37. Kc3 Ne2+ 38. Kc2 1/2-1/2


[Site "https://www.chess.com"]

[Event "Titled Tuesday Blitz February 14 Early 2023"]
[White "Samunenkov, Ihor"]
[Black "Hammer, Jon Ludvig"]
[WhiteFideId "14187086"]
[BlackFideId "1503707"]
[WhiteElo "2501"]
[BlackElo "2636"]
[Result "1-0"]
[Round "07"]
[TimeControl "180+2"]
[Date "2023.02.15"]
[WhiteClock "0:00:12"]
[BlackClock "0:00:22"]

1. e4 e5 2. Nf3 Nc6 3. Bb5 Nf6 4. O-O Nxe4 5. Re1 Nd6 6. Nxe5 Be7 7. Bf1 Nxe5 8. Rxe5 O-O 9. Nc3 Ne8 10. Nd5 Bd6 11. Re1 c6 12. Ne3 Bc7 13. c4 f5 14. c5 d5 15. cxd6 Nxd6 16. d4 Ne4 17. g3 f4 18. Ng4 Bxg4 19. Qxg4 Nxf2 20. Kxf2 Qxd4+ 21. Kg2 Qd5+ 22. Kh3 Rf6 23. Bxf4 Bxf4 24. gxf4 Rh6+ 25. Kg3 Rg6 26. Qxg6 hxg6 27. b3 Rf8 28. Bc4 1-0


[Site "https://www.chess.com"]